 Dungeon Crawl Stone Soup version 0.31-a0-175-g9f7f995f2b (webtiles) character file.

Game seed: 2301497497763227967

8350 Monkooky the Basher (level 11, -6/84 HPs)
             Began as a Mummy Monk on June 16, 2023.
             Was an Initiate of Yredelemnul.
             Mangled by a five-headed hydra (10 damage)
             ... in a Gauntlet.
             The game lasted 00:33:37 (11980 turns).

Monkooky the Basher (Mummy Monk)                   Turns: 11980, Time: 00:33:38

Health: -6/84      AC: 16    Str: 18    XL:     11   Next: 8%
Magic:  0/24       EV: 11    Int:  9    God:    Yredelemnul [......]
Gold:   110        SH:  0    Dex: 16    Spells: 10/10 levels left

rFire   + . .        p - +1 dire flail
rCold   + . .        (shield currently unavailable)
rNeg    + + +        a - +2 ring mail {rC+}
rPois   ∞            e - +2 helmet
rElec   .            l - +0 cloak "Lerade" {rF+}
rCorr   .            v - +2 pair of gloves
SInv    .            m - +0 pair of boots
Will    +++..        d - amulet of guardian spirit Stlth
                     r - ring of magical power
HPRegen 0.34/turn    k - ring of Vuddeas {rF+ rC- rN+ Will++ Stlth-}
MPRegen 0.19/turn

%: no teleportation, guardian spirit, faith
@: no status effects
A: cold resistance 1, negative energy resistance 3, torment resistance 2, heat
vulnerability 1, in touch with death 1, no potions, faith
a: Renounce Religion, Recall Undead Harvest


You were in a Gauntlet.
You worshipped Yredelemnul.
Yredelemnul was noncommittal.
You visited 2 branches of the dungeon, and saw 12 of its levels.
You also visited: Gauntlet.

You collected 870 gold pieces.
You spent 760 gold pieces at shops.

Inventory:

Hand Weapons
 f - a +1 whip of electrocution
 p - a +1 dire flail (weapon)
Missiles
 x - 4 curare-tipped darts
Armour
 a - a +2 ring mail of cold resistance (worn)
 c - an orb of light
 e - a +2 helmet (worn)
 g - a +0 ring mail
 i - a +0 cloak
 l - the +0 cloak "Lerade" (worn) {rF+}
   (You bought it in a shop on level 8 of the Dungeon)

   rF:        It protects you from fire.
 m - a +0 pair of boots (worn)
 u - a +0 plate armour
 v - a +2 pair of gloves (worn)
Magical Staves
 o - a staff of conjuration
Jewellery
 d - an amulet of guardian spirit (around neck)
 k - the ring of Vuddeas (right hand) {rF+ rC- rN+ Will++ Stlth-}
   (You found it on level 8 of the Dungeon)

   [ring of protection from fire]

   rF:        It protects you from fire.
   rC:        It makes you vulnerable to cold.
   rN:        It protects you from negative energy.
   Will:      It greatly increases your willpower.
   Stlth:     It makes you less stealthy.
 q - an amulet of reflection
 r - a ring of magical power (left hand)
Wands
 h - a wand of flame (3)
 y - a wand of paralysis (9)
Scrolls
 b - 2 scrolls of identify
 j - 2 scrolls of vulnerability
 n - a scroll of amnesia
 s - a scroll of revelation
 t - 2 scrolls of teleportation
 w - 3 scrolls of blinking
 z - a scroll of poison


   Skills:
 - Level 7.5 Fighting
 + Level 11.9 Maces & Flails
 - Level 3.1 Armour
 - Level 2.5 Dodging
 - Level 5.7 Invocations


You had 10 spell levels left.
You didn't know any spells.
Your spell library contained the following spells:

 Spells                   Type           Power      Damage    Failure   Level
 Lesser Beckoning         Tloc           0%         N/A       71%         2
 Gell's Gravitas          Tloc           0%         N/A       91%         3
 Inner Flame              Hex/Fire       0%         N/A       91%         3
 Teleport Other           Tloc           0%         N/A       91%         3
 Anguish                  Hex/Necr       0%         N/A       100%        4
 Cause Fear               Hex            0%         N/A       100%        4
 Petrify                  Tmut/Erth      0%         N/A       100%        4
 Irradiate                Conj/Tmut      0%         3d11      100%        5
 Yara's Violent Unravell  Hex/Tmut       0%         3d3       100%        5
 Enfeeble                 Hex            0%         N/A       100%        7
 Sublimation of Blood     Necr           Unusable   N/A       N/A         2

Dungeon Overview and Level Annotations

Branches:
Dungeon (11/15)            Temple (0/1) D:5            Lair (1/5) D:9
    Orc (0/2) D:10        Gauntlet (1/1)

Altars:
Ashenzari
Cheibriados
Gozag
Qazlal
Ru
Vehumet
Yredelemnul

Shops:
D:3 (   D:8 *(*

Portals:
Trove: D:10 (give horn of Geryon)

Annotations:
D:2 Crazy Yiuf
D:7 exclusion: downstairs
D:10 2 runed translucent doors, AwFulAwFulPlayer's ghost, journeyman DrWn Gauntlet 11 transporters, 21 runed translucent doors


Innate Abilities, Weirdness & Mutations

You are immune to poison.
Your flesh is cold resistant. (rC+)
You are immune to negative energy. (rN+++)
You are immune to unholy pain and torment.
You are vulnerable to heat. (rF-)
You are in touch with the powers of death.
You do not drink.
You have a special connection with the divine. (Faith)


Message History

The five-headed hydra is moderately wounded.
The five-headed hydra bites you! x2; The five-headed hydra bites you.
The five-headed hydra bites you but does no damage.
The five-headed hydra completely misses you.
You bludgeon the five-headed hydra!!
The five-headed hydra is heavily wounded.
The five-headed hydra completely misses you.
The five-headed hydra bites you.
The five-headed hydra closely misses you.
The five-headed hydra bites you.
The five-headed hydra bites you but does no damage.
You thump the five-headed hydra!
The five-headed hydra is severely wounded.
The five-headed hydra closely misses you.
The five-headed hydra bites you. The five-headed hydra misses you.
The five-headed hydra bites you but does no damage.
The five-headed hydra bites you!
Unknown command.
You hit the five-headed hydra.
The five-headed hydra is severely wounded.
The five-headed hydra bites you.
* * * LOW HITPOINT WARNING * * *
The five-headed hydra bites you!
* * * LOW HITPOINT WARNING * * *
The five-headed hydra bites you but does no damage. x3
Okay, then.
You feel yourself speed up.
The torpor snail seems to regain its courage.
The five-headed hydra bites you!
* * * LOW HITPOINT WARNING * * *
The five-headed hydra bites you but does no damage.
The five-headed hydra bites you.
* * * LOW HITPOINT WARNING * * *
The five-headed hydra bites you but does no damage. x2
The five-headed hydra bites you but does no damage. x2
The five-headed hydra bites you.
* * * LOW HITPOINT WARNING * * *
The five-headed hydra bites you!
You die...
Yredelemnul claims you as an undead slave.

###∩...∩........≈8≈.......
#8#≈.............≈........
###..###########...#######
#..#.........#...#Y.^^..
###..#w..###...#...#Y...^.
#8#..#....#....#####..^...
###..#.#..#..#[#...#..^...
#.©#.######.©#©.©#....©.
###..#.#.@#..#?#...#......
#8#..#..D.#...?#####......
###..#...###...#...#......
#..#.........#.8.#...^..
###..###########...#######
#8#.......................
###≈......................
########################
#8# #8# #8# #8# #8# #8#


You could see a five-headed hydra.

Vanquished Creatures
  Erica (D:8)
  Sonja (D:10)
  Maurice (D:9)
  A komodo dragon (D:9)
  A troll (D:11)
  2 wyverns (D:9)
  2 wraiths (D:10)
  The ghost of innerfire43 the Digger, an amateur TrWn (D:3)
  2 basilisks (D:9)
  2 steam dragons
  A water moccasin (D:5)
  An acid dragon (D:9)
  Duvessa (D:4)
  A black bear (D:4)
  2 sky beasts (D:7)
  7 orc warriors
  An ice beast (D:7)
  An ogre (D:9)
  3 centaurs
  2 kobold brigands
  3 scorpions
  4 bullfrogs
  Dowan (D:4)
  4 wights (D:10)
  12 killer bees
  A howler monkey (D:4)
  2 jellies
  11 orc priests
  2 gnoll boudas (D:5)
  4 iguanas
  Natasha (twice) (D:4)
  10 orc wizards
  2 spectral orcs (D:8)
  A mummy (D:9)
  7 adders
  11 gnolls
  A shadow imp (D:5)
  A white imp (D:6)
  3 orc zombies (D:8)
  An adder skeleton (D:3)
  2 adder zombies (D:3)
  3 worms
  2 dart slugs
  56 orcs
  5 endoplasms
  4 giant cockroaches
  7 goblins
  2 hobgoblins
  2 jackals (D:1)
  2 quokkas (D:5)
  9 ball pythons
  2 ball python zombies (D:3)
  5 bats
  2 frilled lizards (D:3)
  14 kobolds
  A quokka zombie (D:3)
  3 rats
238 creatures vanquished.

Vanquished Creatures (collateral kills)
  An orc warrior (D:9)
  An ice beast (D:5)
  A black bear (D:4)
  An ogre (D:5)
  A phantom (D:6)
  A bullfrog (D:5)
  A scorpion (D:6)
  3 killer bees
  A hound (D:5)
  2 orc priests (D:4)
  An iguana (D:4)
  2 orc wizards
  2 gnolls (D:5)
  A white imp (D:6)
  10 orcs
  A ball python (D:4)
  A hobgoblin (D:4)
  2 kobolds (D:6)
33 creatures vanquished.

Vanquished Creatures (others)
  A wyvern zombie (D:9)
  A water moccasin zombie (D:5)
  3 bullfrog zombies
  2 centaur zombies
  A basilisk zombie (D:9)
  A scorpion zombie (D:6)
  5 killer bee zombies
  An ogre zombie (D:5)
  A hound zombie (D:5)
  An elf zombie (D:4)
  A felid zombie (D:4)
  A spectral shadow imp (D:5)
  A spectral white imp (D:6)
  3 adder zombies
  10 gnoll zombies (D:5)
  A ball python zombie (D:4)
  An endoplasm zombie (D:4)
  A giant cockroach zombie (D:3)
  A goblin zombie (D:4)
  2 hobgoblin zombies (D:4)
  5 kobold zombies
  49 orc zombies
  A quokka zombie (D:5)
94 creatures vanquished.

Grand Total: 365 creatures vanquished

Notes
Turn   | Place    | Note
-------+----------+-------------------------------------------
     0 | D:1      | Monkooky the Mummy Monk began the quest for the Orb.
     0 | D:1      | Reached XP level 1. HP: 18/18 MP: 1/1
    77 | D:1      | Reached XP level 2. HP: 14/24 MP: 2/2
   692 | D:2      | Found a runed translucent door.
   804 | D:2      | Gained mutation: You are in touch with the powers of death.
                  | [Mummy growth]
   804 | D:2      | Reached XP level 3. HP: 27/30 MP: 3/3
  1286 | D:2      | Noticed Crazy Yiuf
  1422 | D:3      | Reached XP level 4. HP: 36/38 MP: 4/4
  1488 | D:3      | Found a runed translucent gate.
  1488 | D:3      | Found a runed translucent gate.
  1488 | D:3      | Found a runed translucent gate.
  1488 | D:3      | Noticed innerfire43's ghost (amateur TrWn)
  1490 | D:3      | Found a basalt altar of Yredelemnul.
  1502 | D:3      | Became a worshipper of Yredelemnul the Dark
  1502 | D:3      | Reached * piety under Yredelemnul
  1502 | D:3      | Reached ** piety under Yredelemnul
  1529 | D:3      | Killed innerfire43's ghost
  1530 | D:3      | Reached XP level 5. HP: 25/43 MP: 4/7
  1729 | D:3      | You fall into a shaft and drop 2 floors!
  1729 | D:5      | Entered Level 5 of the Dungeon
  1892 | D:5      | Reached XP level 6. HP: 33/50 MP: 5/9
  2116 | D:3      | Found Zehinouf's Antique Weapon Emporium.
  2121 | D:3      | Bought a dire flail for 92 gold pieces
  2353 | D:3      | Reached skill level 3 in Maces & Flails
  2703 | D:4      | Noticed Duvessa
  2703 | D:4      | Noticed Dowan
  2721 | D:4      | Killed Duvessa
  2722 | D:4      | Reached XP level 7. HP: 43/55 MP: 6/10
  2738 | D:4      | Killed Dowan
  2739 | D:4      | Reached skill level 4 in Maces & Flails
  2956 | D:4      | Noticed Natasha
  2963 | D:4      | Reached skill level 5 in Maces & Flails
  2966 | D:4      | Killed Natasha
  2979 | D:4      | Your ally Natasha died
  2999 | D:4      | Your ally Dowan died
  3006 | D:4      | Reached skill level 6 in Maces & Flails
  3006 | D:4      | Reached XP level 8. HP: 22/61 MP: 5/11
  3090 | D:4      | Noticed Natasha
  3101 | D:4      | Killed Natasha
  3389 | D:4      | Found a broken altar of Ashenzari.
  3691 | D:5      | Reached skill level 7 in Maces & Flails
  4242 | D:5      | Reached skill level 8 in Maces & Flails
  4259 | D:5      | Found a radiant altar of Vehumet.
  4312 | D:5      | Found a staircase to the Ecumenical Temple.
  4918 | D:6      | Reached XP level 9. HP: 52/67 MP: 10/12
  5243 | D:6      | Identified the +4 war axe of Viaxza {antimagic, Str+3}
  5270 | D:6      | Reached skill level 9 in Maces & Flails
  6333 | D:7      | Reached skill level 10 in Maces & Flails
  6779 | D:7      | Found a sacrificial altar of Ru.
  6786 | D:7      | Found an opulent altar of Gozag.
  7024 | D:8      | Noticed Erica
  7282 | D:8      | Found a stormy altar of Qazlal.
  7387 | D:8      | Reached *** piety under Yredelemnul
  7498 | D:8      | Identified the ring of Vuddeas {rF+ rC- rN+ Will++ Stlth-}
  7579 | D:8      | Found Asiupponn's Assorted Antiques.
  7582 | D:8      | Bought a scroll labelled BIGAENALASH for 22 gold pieces
  7582 | D:8      | Bought a scroll labelled LURINY TUKIUBB for 22 gold pieces
  7582 | D:8      | Bought a scroll of enchant armour for 165 gold pieces
  7582 | D:8      | Bought a pair of embroidered gloves for 165 gold pieces
  7665 | D:8      | Found Yrpho Efo's Assorted Antiques.
  7685 | D:8      | Found Ufumaebru's Weapon Shop.
  8308 | D:9      | Found a snail-covered altar of Cheibriados.
  8357 | D:9      | Noticed Maurice
  8402 | D:9      | Reached skill level 11 in Maces & Flails
  8404 | D:9      | Killed Maurice
  8405 | D:9      | Reached XP level 10. HP: 39/73 MP: 12/13
  8998 | D:9      | Reached **** piety under Yredelemnul
  9020 | D:9      | Reached ***** piety under Yredelemnul
  9133 | D:9      | Reached skill level 5 in Invocations
  9454 | D:9      | Reached skill level 5 in Fighting
  9554 | D:9      | Reached skill level 1 in Armour
  9928 | D:9      | Found a staircase to the Lair.
 10286 | D:8      | Killed Erica
 10470 | Lair:1   | Entered Level 1 of the Lair of Beasts
 10527 | D:10     | Entered Level 10 of the Dungeon
 10527 | D:10     | Noticed a necromancer
 10527 | D:10     | Found a runed translucent door.
 10527 | D:10     | Found a runed translucent door.
 10528 | D:10     | Noticed a purple very ugly thing
 10529 | D:10     | Noticed a green ugly thing
 10529 | D:10     | Noticed a lich
 10529 | D:10     | Noticed a skeletal warrior
 10529 | D:10     | Noticed a frost giant
 10714 | D:8      | Bought an encrusted cloak for 294 gold pieces
 10714 | D:8      | Identified the +0 cloak "Lerade" {rF+} (You bought it in a
                  | shop on level 8 of the Dungeon)
 11106 | D:10     | Noticed Sonja
 11131 | D:10     | Killed Sonja
 11132 | D:10     | Reached XP level 11. HP: 60/84 MP: 15/15
 11395 | D:10     | Found a staircase to the Orcish Mines.
 11411 | D:10     | Found the +2 hood of the Assassin {Detect Stab+ Stlth++}
 11411 | D:10     | Noticed AwFulAwFulPlayer's ghost (journeyman DrWn)
 11456 | D:10     | Found a portal to a secret trove of treasure.
 11680 | D:11     | Found a gate leading to a gauntlet.
 11698 | Gauntlet | Entered a Gauntlet
 11698 | Gauntlet | Noticed a death scarab
 11698 | Gauntlet | Noticed a five-headed hydra
 11698 | Gauntlet | Found a transporter.
 11698 | Gauntlet | Found a transporter.
 11698 | Gauntlet | Found a transporter.
 11699 | Gauntlet | Found a transporter.
 11702 | Gauntlet | Found a transporter.
 11711 | Gauntlet | Noticed a dire elephant
 11715 | Gauntlet | Found a transporter.
 11722 | Gauntlet | Found a transporter.
 11730 | Gauntlet | Found a transporter.
 11732 | Gauntlet | Found a large runed translucent door.
 11733 | Gauntlet | Found a large runed translucent door.
 11734 | Gauntlet | Found a large runed translucent door.
 11734 | Gauntlet | Found a large runed translucent door.
 11735 | Gauntlet | Found a runed translucent gate.
 11736 | Gauntlet | Found a transporter.
 11736 | Gauntlet | Found a runed translucent gate.
 11737 | Gauntlet | Found a runed translucent gate.
 11738 | Gauntlet | Found a large runed translucent door.
 11738 | Gauntlet | Found a large runed translucent door.
 11739 | Gauntlet | Found a large runed translucent door.
 11740 | Gauntlet | Found a large runed translucent door.
 11749 | Gauntlet | Found a large runed translucent door.
 11749 | Gauntlet | Found a large runed translucent door.
 11749 | Gauntlet | Found a runed translucent door.
 11749 | Gauntlet | Found a runed translucent door.
 11750 | Gauntlet | Found a large runed translucent door.
 11751 | Gauntlet | Found a large runed translucent door.
 11753 | Gauntlet | Found a transporter.
 11758 | Gauntlet | Noticed a tengu warrior
 11761 | Gauntlet | Found a transporter.
 11779 | Gauntlet | Found a transporter.
 11876 | Gauntlet | Found a large runed translucent door.
 11876 | Gauntlet | Found a large runed translucent door.
 11877 | Gauntlet | Found a large runed translucent door.
 11878 | Gauntlet | Found a large runed translucent door.
 11980 | Gauntlet | HP: 4/84 [five-headed hydra (3)]
 11980 | Gauntlet | Mangled by a five-headed hydra

Illustrated notes

Levels and vault maps discovered:
D:1:      dpeg_arrival_simpleton_a, layout_rooms
D:2:      layout_loops_ring, minmay_octomino_e4, uniq_crazy_yiuf_cottage
D:3:      layout_loops_corners, nicolae_yredelemnul_ghost_church, serial_undead,
          serial_undead_e, serial_undead_b, serial_undead_c, serial_undead_b,
          serial_shops, shop
D:4:      layout_basic, ashenzari_altar_1, minmay_misc_feat_nine_boxes,
          minmay_distorted, uniq_natasha, uniq_duvessa
D:5:      layout_loops_corners, mainiacjoe_overflow_surrounded_room,
          minmay_temple_entry_antechambers, minmay_misc_feat_cross
D:6:      nicolae_cairo_tiling, layout_basic, minmay_misc_feat_tower
D:7:      layout_loops_ring, mainiacjoe_overflow_big_doors
D:8:      layout_basic, nicolae_overflow_crystal_walls, serial_shops,
          nicolae_shop_statue_plus, nicolae_shop_just_a_little_nook,
          nicolae_shop_behind_doors, uniq_erica
D:9:      layout_roguey [special_room_orc], slow_altar_1, erik_lair_dragon,
          uniq_maurice
D:10:     layout_irregular_city, orc_0_dummy, muffindrake_ghost_dual_entry,
          enter_trove_3, hangedman_abyss_or_decor_clamps, uniq_sonja
D:11:     layout_cave_pools, gauntlet_entry_generic, serial_shops,
          nicolae_shop_peninsula, kennysheep_opposing_triangles
Lair:1:   layout_roguey, beast_lair_carwin_1, infiniplex_staircase_pool_2
Gauntlet: gammafunk_gauntlet_shortcut [nicolae_gauntlet_arena_t_cross,
          gammafunk_gauntlet_arena_open, gammafunk_gauntlet_arena_teeth,
          gammafunk_gauntlet_arena_mazey,
          minmay_gauntlet_arena_make_your_own_arena,
          gammafunk_gauntlet_arena_split_x, gauntlet_exit_green]

Skill      XL: |  1  2  3  4  5  6  7  8  9 10 |
---------------+-------------------------------+-----
Fighting       | 4 7 |  7.5
Invocations    | 3 4 5 |  5.7
Maces & Flails | 3 6 8 11 | 11.9
Armour         | 3 |  3.1
Dodging        | |  2.5

Action                     |  1- 3 |  4- 6 |  7- 9 | 10-12 || total
---------------------------+-------+-------+-------+-------++-------
  Melee: Mace              |    98 |    74 |       |       ||   172
         Dire flail        |       |    47 |   458 |   362 ||   867
 Invoke: Recall Undead Har |       |       |     2 |     3 ||     5
         Drain Life        |       |       |       |     1 ||     1
  Evoke: Wand              |       |       |       |    20 ||    20
    Use: Scroll            |       |     2 |    12 |     3 ||    17
   Stab: Distracted        |       |     1 |     8 |     3 ||    12
         Paralysed         |       |       |       |     1 ||     1
 Armour: Robe              |    19 |       |       |       ||    19
         Ring mail         |    21 |    49 |   190 |   190 ||   450
  Dodge: Dodged            |    87 |    69 |   243 |   201 ||   600

Table legend: (Time is in decaauts)
 A = Elapsed time spent in this place.
 B = Non-inter-level travel time spent in this place.
 C = Inter-level travel time spent in this place.
 D = Time resting spent in this place.
 E = Time spent auto-exploring this place.
 F = Levels seen in this place.
 G = Mean time per level.
                   A        B        C        D        E       F      G
               +--------+--------+--------+--------+--------+-----+--------+
         Total |  12830 |  12276 |    554 |   1971 |   7586 |  13 |  986.9 |
       Dungeon |  12545 |  11992 |    553 |   1971 |   7586 |  11 | 1140.5 |
          Lair |      1 |      1 |      0 |      0 |      0 |   1 |    1.0 |
      Gauntlet |    283 |    283 |      0 |      0 |      0 |   1 |  283.0 |
               +--------+--------+--------+--------+--------+-----+--------+

Top non-repeatable levels by time:
     D:9: 1906 daAuts
     D:8: 1794 daAuts
     D:5: 1543 daAuts
     D:6: 1533 daAuts
    D:10: 1238 daAuts
     D:3: 1188 daAuts
     D:7: 1054 daAuts
     D:4: 927 daAuts
     D:1: 671 daAuts
     D:2: 657 daAuts
Gauntlet: 283 daAuts
    D:11: 29 daAuts
  Lair:1: 1 daAuts
